 Dungeon Crawl Stone Soup version 0.27.1-16-g815e20cd7a (webtiles) character file.

Game seed: 8837597017191991237

17849 McKennaii the Thaumaturge (level 12, -8/84 HPs)
             Began as a Djinni Fire Elementalist on Nov 22, 2021.
             Mangled by a skeletal warrior (21 damage)
             ... led by a skeletal warrior
             ... on level 10 of the Dungeon.
             The game lasted 00:31:02 (10892 turns).

McKennaii the Thaumaturge (DjFE)                   Turns: 10892, Time: 00:31:03

Health: -8/84      AC:  8    Str:  7    XL:     12   Next: 87%
Gold:   355        EV: 15    Int: 23    God:
                   SH:  0    Dex: 15

rFire    + . .     SeeInvis .   (no weapon)
rCold    + . .     Faith    .   (no shield)
rNeg     . . .     Spirit   .   v - +0 steam dragon scales
rPois    ∞         Reflect  .   i - +0 helmet
rElec    .         Harm     .   (no cloak)
rCorr    +         Rampage  .   C - +0 pair of gloves
Will     ++...                  (boots unavailable)
Stlth    ++........             e - amulet of regeneration
HPRegen  1.24/turn              G - ring "Eruivoith" {Ice Will+ rCorr Int+2}
MPRegen  0.00/turn              K - ring of protection from cold

@: about to teleport, flying
A: sickness immunity, fire resistance 2, cold vulnerability 1, float, innate
caster, hp casting, extra vitality 1
a: no special abilities


You were on level 10 of the Dungeon.
You visited 3 branches of the dungeon, and saw 13 of its levels.
You also visited: Ice Cave.

You collected 875 gold pieces.
You spent 520 gold pieces at shops.

Inventory:

Missiles
 n - 4 throwing nets
Armour
 i - a +0 helmet (worn)
 m - a +0 troll leather armour
 q - the +8 ring mail "Huas" {Fly rPois rCorr Dex-2}
   (You found it on level 5 of the Dungeon)

   Dex:       It affects your dexterity (-2).
   rPois:     It protects you from poison.
   Fly:       It grants you flight.
   rCorr:     It protects you from acid and corrosion.
 v - +0 steam dragon scales (worn)
 C - a +0 pair of gloves (worn)
 I - a +2 tower shield of cold resistance
 L - a +2 scale mail of cold resistance
Jewellery
 e - an amulet of regeneration (around neck)
 G - the ring "Eruivoith" (left hand) {Ice Will+ rCorr Int+2}
   (You found it on level 9 of the Dungeon)

   [ring of ice]

   It enhances your ice magic.
   Int:       It affects your intelligence (+2).
   rF:        It makes you vulnerable to fire.
   rC:        It protects you from cold.
   rCorr:     It protects you from acid and corrosion.
   Will:      It increases your willpower.
 J - a +6 ring of dexterity
 K - a ring of protection from cold (right hand)
Wands
 l - a wand of iceblast (37)
 u - a wand of charming (4)
 y - a wand of paralysis (17)
Scrolls
 b - 2 scrolls of fog
 d - a scroll of identify
 j - 2 scrolls of vulnerability
 o - 4 scrolls of teleportation
 r - 3 scrolls of enchant armour
 w - 2 scrolls of enchant weapon
 x - a scroll of brand weapon
 D - 3 scrolls of blinking
 F - a scroll of fear
 H - a scroll of amnesia {unknown}
Potions
 a - a potion of experience
 c - 5 potions of heal wounds
 f - a potion of lignification
 g - 5 potions of curing
 h - 5 potions of resistance
 k - 3 potions of berserk rage
 p - 4 potions of flight
 s - 2 potions of attraction {unknown}
 t - a potion of cancellation {unknown}
 z - 2 potions of haste
 A - 3 potions of invisibility
 B - a potion of mutation
 E - a potion of might {unknown}


   Skills:
 * Level 6.9 Fighting
 + Level 3.6 Armour
 * Level 7.1 Dodging
 + Level 3.1 Stealth
 * Level 13.2 Spellcasting
 + Level 0.9 Evocations


You had 8 spell levels left.
You knew the following spells:

 Your Spells              Type           Power      Damage    Failure   Level
a - Foxfire               Conj/Fire      100%       2x1d9     1%          1
b - Conjure Flame         Conj/Fire      66%        6-21      1%          3
c - Inner Flame           Hex/Fire       66%        N/A       1%          3
d - Sticky Flame          Conj/Fire      66%        2d8       1%          4
e - Fireball              Conj/Fire      33%        3d14      1%          5
f - Sting                 Tmut/Pois      100%       1d8       1%          1
g - Slow                  Hex            66%        N/A       1%          2
h - Tukima's Dance        Hex            66%        N/A       1%          3
i - Summon Guardian Gole  Hex/Summ       66%        N/A       1%          3
j - Cause Fear            Hex            33%        N/A       1%          4
Your spell library was empty.

Dungeon Overview and Level Annotations

Branches:
Dungeon (11/15)            Temple (1/1) D:6            Lair (1/6) D:10
  IceCv (visited)
    Orc: D:9-12

Altars:
Ashenzari
Cheibriados
Dithmenos
Elyvilon
Fedhas
Gozag
Hepliaklqana
Kikubaaqudgha
Makhleb
Nemelex Xobeh
Okawaru
Qazlal
Ru
Sif Muna
Trog
Uskayaw
Vehumet
Wu Jian
Xom
Yredelemnul
Zin
The Shining One
Lugonu

Shops:
D:5 :   D:8 !   D:9 *?   D:10 =

Portals:
Abyss: D:7

Annotations:
D:10 exclusion: obsidian statue
Lair:1 Nergalle


Innate Abilities, Weirdness & Mutations

You are immune to sickness and miasma.
You are immune to poison.
Your flesh is very heat resistant. (rF++)
You are vulnerable to cold. (rC-)
You float through the air rather than walking.
You learn spells naturally, not from books.
Your magical power is your life essence.
You have superior vitality. (+4 HP)


Message History

Unknown command.
Casting: Fireball (dangerous; 1% risk of failure)
Confirm with . or Enter, or press ? or * to list all spells.
The skeletal warrior is unaffected. x3
The skeletal warrior hits you from afar with a +0 glaive!
Casting: Cause Fear (safe; 1% risk of failure)
Confirm with . or Enter, or press ? or * to list all spells.
Aiming: Fireball (dangerous; 1% risk of failure)
Press: ? - help, Shift-Dir - straight line, f - skeletal warrior
Aim: a skeletal warrior, wielding a +0 glaive The fireball explodes!
The fireball engulfs the skeletal warrior!!
The skeletal warrior is moderately damaged.
The fireball engulfs the skeletal warrior!
The skeletal warrior is lightly damaged.
The skeletal warrior hits you from afar with a +0 glaive.
The skeletal warrior hits you from afar with a +0 glaive!!
There is a stone staircase leading up here.
The skeletal warrior hits you from afar with a +0 glaive!
You fly upwards.
Level annotation: exclusion: obsidian statue
There is a stone staircase leading down here.
There is an escape hatch in the floor here.
HP restored.
There is a stone staircase leading down here.
You fly downwards.
The skeletal warrior hits you with a +0 long sword!!
There is a stone staircase leading up here.
The skeletal warrior hits you with a +1 battleaxe of electrocution!
You are electrocuted!
The skeletal warrior misses you.
You fly upwards.
Level annotation: exclusion: obsidian statue
There is a stone staircase leading down here.
Unknown command.
As you read the scroll of teleportation, it crumbles to dust.
You feel strangely unstable.
The skeletal warrior hits you with a +0 long sword!!
* * * LOW HITPOINT WARNING * * *
The skeletal warrior hits you with a +1 battleaxe of electrocution!!
You die...

## ####......##
#:###.# .#
#..........## #8#
#.##
.####.>........## #
# #.#.
..###...........##
#...
....##...........#
##.÷
.................##
#÷.
...###............##
#÷. ...#
##............# #.#
...# ##.......z@.##
#.. ...##
#.......z### #..
....# ###....>## #..
..### ####.## ###
### ###


You could see 2 skeletal warriors.

Vanquished Creatures
  A reaper (IceCv)
  A hydra (D:9)
  A two-headed ogre (D:11)
  Pikel (D:9)
  A wizard (D:10)
  An ice statue (IceCv)
  A gargoyle (D:11)
  A freezing wraith (IceCv)
  2 komodo dragons (Lair:1)
  An entropy weaver simulacrum (IceCv)
  An anaconda simulacrum (IceCv)
  2 trolls (D:9)
  A hornet (D:11)
  The ghost of wpisznazwe the Chopper, an amateur VSFi of Qazlal (D:4)
  24 yaks
  A dire elephant simulacrum (IceCv)
  A basilisk (Lair:1)
  4 steam dragons
  3 vampire mosquitoes (D:11)
  3 death yak simulacra (IceCv)
  A harpy simulacrum (IceCv)
  3 acid dragons
  4 orc warriors
  6 water moccasins
  A hornet zombie (D:8)
  An ice beast (D:7)
  5 ogres
  3 necrophages
  6 centaurs
  A phantom (D:6)
  3 kobold brigands
  4 bullfrogs
  2 gnoll sergeants
  7 two-headed ogre simulacra (IceCv)
  2 cane toad simulacra (IceCv)
  A wyvern skeleton (D:7)
  3 scorpions
  2 water moccasin skeletons
  16 wights
  An electric eel (Lair:1)
  5 howler monkeys
  A jelly (D:6)
  3 hounds
  4 orc priests
  2 bullfrog skeletons
  A centaur skeleton (D:4)
  A gnoll shaman (D:8)
  2 iguanas
  7 orc wizards
  7 spriggan simulacra (IceCv)
  2 polar bear simulacra (IceCv)
  9 troll simulacra (IceCv)
  2 wolf simulacra (IceCv)
  2 hound skeletons
  A howler monkey zombie (D:6)
  11 adders
  15 gnolls
  4 naga simulacra (IceCv)
  2 shadow imps
  6 white imps
  5 ufetubi
  5 worms
  3 dart slugs
  31 orcs
  5 ball pythons
  6 bats
  6 endoplasms
  5 giant cockroaches
  11 goblins
  5 hobgoblins
  6 quokkas
  8 frilled lizards
  13 kobolds
  4 rats
  A lurking horror (D:7)
325 creatures vanquished.

Vanquished Creatures (collateral kills)
  Maggie (D:7)
  12 foxfires
13 creatures vanquished.

Vanquished Creatures (others)
  905 foxfires
  2 fungi (D:10)
  31 plants
  6 toadstools (D:10)
944 creatures vanquished.

Grand Total: 1282 creatures vanquished

Notes
Turn   | Place    | Note
-------+----------+-------------------------------------------
     0 | D:1      | McKennaii the Djinni Fire Elementalist began the quest for
                  | the Orb.
     0 | D:1      | Reached XP level 1. HP: 15/15 MP: 0/0
   302 | D:1      | Reached XP level 2. HP: 19/22 MP: 0/0
   881 | D:1      | Reached XP level 3. HP: 24/26 MP: 0/0
   881 | D:1      | Learned a level 1 spell: Sting
   909 | D:1      | Reached skill level 3 in Spellcasting
  1593 | D:2      | Reached XP level 4. HP: 31/31 MP: 0/0
  1693 | D:2      | Reached skill level 1 in Fighting
  1985 | D:3      | Noticed a +0 dagger
  1985 | D:3      | Noticed a +0 dagger
  1986 | D:3      | Noticed a +0 spear
  1987 | D:3      | Noticed a +0 short sword
  1987 | D:3      | Noticed a +0 short sword
  1988 | D:3      | Noticed a +0 falchion
  1988 | D:3      | Noticed a +0 falchion
  1989 | D:3      | Noticed a +0 spear
  2101 | D:3      | Found a hide-covered altar of Uskayaw.
  2338 | D:3      | Reached XP level 5. HP: 37/37 MP: 0/0
  2338 | D:3      | Learned a level 2 spell: Slow
  2662 | D:4      | Reached skill level 4 in Spellcasting
  2724 | D:4      | Noticed a kobold brigand
  2732 | D:4      | Killed a kobold brigand
  2733 | D:4      | Reached XP level 6. HP: 43/43 MP: 0/0
  2956 | D:4      | Reached skill level 1 in Armour
  3017 | D:4      | Reached skill level 5 in Spellcasting
  3017 | D:4      | Reached XP level 7. HP: 49/49 MP: 0/0
  3017 | D:4      | Learned a level 3 spell: Tukima's Dance
  3375 | D:4      | Found a runed translucent door.
  3381 | D:4      | Noticed wpisznazwe's ghost (amateur VSFi)
  3736 | D:4      | Killed wpisznazwe's ghost
  3737 | D:4      | Reached XP level 8. HP: 52/55 MP: 0/0
  3758 | D:5      | Entered Level 5 of the Dungeon
  3766 | D:5      | Reached skill level 6 in Spellcasting
  3799 | D:5      | Identified the +8 ring mail "Huas" {Fly rPois rCorr Dex-2}
  3957 | D:5      | Found Gerphag's Self-Improvement Boutique.
  4098 | D:5      | Reached skill level 7 in Spellcasting
  4242 | D:5      | Reached XP level 9. HP: 31/61 MP: 0/0
  4242 | D:5      | Learned a level 3 spell: Summon Guardian Golem
  4546 | D:6      | Found a staircase to the Ecumenical Temple.
  4558 | Temple   | Entered the Ecumenical Temple
  4936 | D:6      | Noticed an angel
  5039 | D:6      | Noticed a rust devil
  5111 | D:6      | Reached skill level 8 in Spellcasting
  5536 | D:7      | Found a corrupted altar of Lugonu.
  5536 | D:7      | Found a one-way gate to the infinite horrors of the Abyss.
  5561 | D:7      | Noticed Maggie
  5583 | D:7      | Killed Maggie
  5684 | D:7      | Reached skill level 5 in Dodging
  5684 | D:7      | Reached XP level 10. HP: 69/69 MP: 0/0
  5883 | D:7      | Reached skill level 9 in Spellcasting
  6801 | D:8      | Found Rusugeqe's Distillery.
  6806 | D:8      | Bought a potion of haste for 120 gold pieces
  6806 | D:8      | Bought a potion of curing for 36 gold pieces
  6806 | D:8      | Bought a potion of invisibility for 96 gold pieces
  6806 | D:8      | Bought a potion of mutation for 96 gold pieces
  6806 | D:8      | Bought a potion of curing for 36 gold pieces
  6827 | D:8      | You are sucked into a shaft and drop 2 floors!
  6827 | D:10     | Entered Level 10 of the Dungeon
  7071 | D:9      | Reached skill level 10 in Spellcasting
  7074 | D:9      | Reached skill level 5 in Fighting
  7155 | D:10     | Reached XP level 11. HP: 62/76 MP: 0/0
  7155 | D:10     | Learned a level 4 spell: Cause Fear
  7174 | D:10     | Noticed an obsidian statue
  7283 | D:10     | Found Ykhlirast's Jewellery Emporium.
  7424 | D:10     | Found a staircase to the Lair.
  7791 | D:10     | Noticed a wizard
  7795 | D:10     | Killed a wizard
  7796 | D:10     | Reached skill level 11 in Spellcasting
  8145 | D:9      | Noticed a six-headed hydra
  8150 | D:9      | Killed a six-headed hydra
  8162 | D:9      | Noticed Pikel
  8165 | D:9      | Killed Pikel
  8244 | D:9      | Found Fatep's General Store.
  8287 | D:9      | Found Niedghuank's Magic Scroll Emporium.
  8303 | D:9      | Bought a scroll of fear for 56 gold pieces
  8318 | D:9      | Bought a scroll of teleportation for 48 gold pieces
  8318 | D:9      | Bought a scroll of identify for 32 gold pieces
  8450 | D:9      | Identified the ring "Eruivoith" {Ice Will+ rCorr Int+2}
  9638 | Lair:1   | Entered Level 1 of the Lair of Beasts
  9646 | Lair:1   | Reached XP level 12. HP: 57/83 MP: 0/0
  9724 | Lair:1   | Reached skill level 12 in Spellcasting
  9726 | Lair:1   | Noticed Nergalle
  9967 | D:11     | Found a frozen archway.
  9982 | D:11     | Noticed a two-headed ogre
  9986 | D:11     | Killed a two-headed ogre
 10003 | IceCv    | Entered an ice cave
 10180 | IceCv    | Noticed a reaper
 10186 | IceCv    | Killed a reaper
 10187 | IceCv    | Reached skill level 13 in Spellcasting
 10756 | D:11     | Noticed a skeletal warrior
 10756 | D:11     | Noticed a skeletal warrior
 10756 | D:11     | Noticed a skeletal warrior
 10892 | D:10     | Mangled by a skeletal warrior

Illustrated notes

Levels and vault maps discovered:
D:1:      eino_arrival_cavern_a, layout_basic
D:2:      layout_rooms, chequers_hall_statues_wall_a
D:3:      layout_basic, nicolae_uskayaw_en_pointe, minmay_close_crescents
D:4:      layout_gridville, ebering_ghost_sewer_d, lexackson_kobold_supper
D:5:      layout_rooms, nicolae_shop_self_help
D:6:      layout_loops_ring, temple_garden, kennysheep_opposing_triangles
D:7:      layout_loops_ring, amcnicky_altar_lugonu_corruption, uniq_maggie
D:8:      layout_basic, serial_shops, nicolae_stop_n_shop_2, minmay_misc_feat_x
D:9:      layout_rooms, nicolae_wooded_promenade,
          chequers_serial_rivers_small_3, uniq_pikel
D:10:     minmay_statue_hallways, layout_cave_pods, lair_entry_dummy,
          serial_shops, shop, minmay_gold_behind_fungi, minmay_misc_feat_tower
D:11:     minmay_cornered_nines, layout_rooms, minmay_orc_entry_temple_small,
          nicolae_trove_entry_crystal, portal_ice_cave_entry_pillars_1
Temple:   compressed_dpeg_triangle_lava_temple
Lair:1:   layout_chaotic_city, serial_bayou, serial_bayou_lagoon_b,
          serial_bayou_pond_b, serial_bayou_lagoon_a, serial_bayou_pond_e,
          uniq_nergalle

Skill      XL: |  1  2  3  4  5  6  7  8  9 10 11 12 |
---------------+-------------------------------------+-----
Spellcasting   | 3 4 5 7 8 10 11 13 | 13.2
Fighting       | 1 2 3 4 5 6 |  6.9
Armour         | 1 2 3 |  3.6
Dodging        | 3 4 5 6 7 |  7.1
Stealth        | 2 3 |  3.1
Evocations     | |  0.9

Action                   |  1- 3 |  4- 6 |  7- 9 | 10-12 || total
-------------------------+-------+-------+-------+-------++-------
Melee: Unarmed           |     3 |       |     6 |    14 ||    23
 Cast: Foxfire           |    84 |   180 |   271 |    57 ||   592
       Sting             |     2 |     7 |    10 |     3 ||    22
       Slow              |       |       |     2 |       ||     2
       Tukima's Dance    |       |       |     2 |       ||     2
       Summon Guardian G |       |       |     2 |       ||     2
       Fireball          |       |       |       |   230 ||   230
       Sticky Flame      |       |       |       |    25 ||    25
       Cause Fear        |       |       |       |     1 ||     1
Evoke: Wand              |       |       |     6 |       ||     6
  Use: Scroll            |       |       |     3 |    12 ||    15
Armor: Robe              |     5 |     3 |       |       ||     8
       Troll leather arm |       |     3 |    41 |       ||    44
       Steam dragon scal |       |       |       |    21 ||    21
Dodge: Dodged            |     7 |    13 |    97 |    75 ||   192
